 Dungeon Crawl Stone Soup version 0.24-a0-537-g2d01d4a (webtiles) character file.

Game seed: 13585093801872397520

98 sl00ts the Skirmisher (level 4, -6/50 HPs)
             Began as an Ogre Berserker on Aug 15, 2019.
             Was a Believer of Trog.
             Mangled by an orc
             ... wielding a +4 whip
              (7 damage)
             ... on level 3 of the Dungeon.
             The game lasted 00:02:36 (1664 turns).

sl00ts the Skirmisher (Ogre Berserker)              Turns: 1664, Time: 00:02:37

Health: -6/50      AC:  3    Str: 22    XL:     4   Next: 69%
Magic:  4/4        EV: 15    Int:  8    God:    Trog [**....]
Gold:   89         SH:  0    Dex: 13    Spells: 3/3 levels left

rFire    . . .     SeeInvis .   a - +0 mace
rCold    . . .     Gourm    .   (no shield)
rNeg     . . .     Faith    +   b - +0 animal skin
rPois    .         Spirit   .   (helmet restricted)
rElec    .         Reflect  .   (no cloak)
rCorr    .         Harm     .   (gloves unavailable)
MR       .....                  (boots unavailable)
Stlth    ++........             m - amulet of faith
HPRegen  0.16/turn              (no ring)
MPRegen  0.09/turn              (no ring)

@: agile, berserk cooldown, hasted and slowed
A: large, unfitting armour, tough skin 1
a: Berserk, Trog's Hand, Renounce Religion


You were on level 3 of the Dungeon.
You worshipped Trog.
Trog was pleased with you.
You were not hungry.

You visited 1 branch of the dungeon, and saw 4 of its levels.

You collected 89 gold pieces.

Inventory:

Hand Weapons
 a - a +0 mace (weapon)
Armour
 b - a +0 animal skin (worn)
Jewellery
 m - an amulet of faith (around neck)
 o - an uncursed ring of fire {unknown}
Scrolls
 d - 2 scrolls of remove curse {unknown}
 e - 2 scrolls of identify {unknown}
 f - 2 scrolls of blinking {unknown}
 g - 2 scrolls of teleportation {unknown}
 h - 3 scrolls of fear {unknown}
 i - a scroll of amnesia {unknown}
 n - a scroll of magic mapping {unknown}
Potions
 k - a potion of haste
 l - a potion of curing {unknown}
 p - a potion of invisibility {unknown}


   Skills:
 + Level 5.1 Fighting
 * Level 4.2 Maces & Flails
 - Level 2.6 Dodging


You had 3 spell levels left.
You didn't know any spells.
Your spell library was empty.

Dungeon Overview and Level Annotations

Branches:
Dungeon (4/15)
 Temple: D:4-7

Altars:


Innate Abilities, Weirdness & Mutations

You are too large for most types of armour.
You have tough skin. (AC +1)


Message History

The orc closely misses you. The orc barely misses you.
You feel a strong urge to attack something.
You are no longer berserk.
You are exhausted.
You feel yourself slow down.
An orc warrior comes into view. It is wielding a +0 flail.
The orc closely misses you.
Found a hand axe.
It was a potion of haste.
You feel yourself speed up.
The orc warrior shouts!
You hear a shout!
The goblin hits you with a +0 club.
* * * LOW HITPOINT WARNING * * *
An orc comes into view.
The orc barely misses you.
The rat twitches its whiskers.
The rat bites you but does no damage. The goblin hits you but does no damage.
It was a potion of agility.
You feel agile all of a sudden. The orc hits you with a +4 whip!
You die...

.. ..# .# ...
.. #o# ....#.
#o. )...#.##.#
#........#
#........#
#.....g..#
#......@.#
#.....oor#
#..####))### #
#..>..#
............g≈≈
.≈≈P.≈.P.≈P..≈≈
.≈≈≈≈P≈≈≈≈≈≈≈P≈
≈≈P≈≈≈≈≈≈≈≈≈≈≈≈
≈≈≈≈≈≈≈≈≈P≈≈≈≈≈


You could see an orc warrior, 3 orcs, a goblin and a rat.

Vanquished Creatures
  An orc priest (D:3)
  2 adders
  A worm (D:2)
  2 dart slugs
  3 leopard geckos
  2 orcs (D:3)
  6 goblins
  6 hobgoblins
  3 jackals
  2 kobolds (D:2)
  2 bats (D:1)
  4 frilled lizards
  5 rats
39 creatures vanquished.

Vanquished Creatures (others)
  An orc (D:3)
1 creature vanquished.

Grand Total: 40 creatures vanquished

Notes
Turn   | Place    | Note
-------+----------+-------------------------------------------
     0 | D:1      | sl00ts the Ogre Berserker began the quest for the Orb.
     0 | D:1      | Reached XP level 1. HP: 24/24 MP: 1/1
    56 | D:1      | Reached XP level 2. HP: 24/32 MP: 2/2
   757 | D:2      | Reached XP level 3. HP: 40/40 MP: 3/3
  1060 | D:2      | Reached ** piety under Trog
  1499 | D:2      | You fall into a shaft and drop 2 floors!
  1532 | D:4      | Reached XP level 4. HP: 39/49 MP: 4/4
  1652 | D:3      | Reached skill level 5 in Fighting
  1659 | D:3      | HP: 3/75 [dart slug (1)]
  1662 | D:3      | Noticed an orc warrior
  1663 | D:3      | HP: 1/50 [goblin/+0 club (1)]
  1664 | D:3      | Mangled by an orc

Levels and vault maps discovered:
D:1:      lemuel_arrival_broad_hall, layout_rooms
D:2:      layout_loops_corners, nicolae_gozag_seed_capital
D:3:      layout_basic, lemuel_doored_altar, first_ration, chequers_big_river
D:4:      layout_basic, vehumet_statue, nemelex_spade_bored_becter

Skill      XL: |  1  2  3  4 |
---------------+-------------+-----
Maces & Flails | 3 4 |  4.2
Fighting       | 5 |  5.1
Dodging        | |  2.6

Action                   |  1- 3 |  4- 6 || total
-------------------------+-------+-------++-------
Melee: Mace              |    99 |    17 ||   116
Invok: Berserk           |     3 |     1 ||     4
  Use: Potion            |       |     2 ||     2
  Eat: Ration            |     1 |     1 ||     2
Armor: Animal skin       |    26 |     7 ||    33
Dodge: Dodged            |    67 |    22 ||    89

Table legend:
 A = Non-vault XP
 B = Vault XP
 C = Vault XP percentage of total XP
 D = Non-vault monster count
 E = Vault monster count
 F = Vault count percentage of total count
                 A         B        C        D         E       F
            +---------+---------+-------+---------+---------+-------
      Total |     140 |       0 |   0.0 |      39 |       0 |   0.0
            +---------+---------+-------+---------+---------+-------
        D:1 |      31 |       0 |   0.0 |      17 |       0 |   0.0
        D:2 |      36 |       0 |   0.0 |      12 |       0 |   0.0
        D:3 |      55 |       0 |   0.0 |       6 |       0 |   0.0
        D:4 |      18 |       0 |   0.0 |       4 |       0 |   0.0
            +---------+---------+-------+---------+---------+-------
